 Dungeon Crawl Stone Soup version 0.19-a0-583-g665d810 (webtiles) character file.

56 TheGoonsmith the Chopper (level 4, 0/35 HPs)
             Began as a Formicid Abyssal Knight on June 9, 2016.
             Was a Believer of Lugonu.
             Slain by a gnoll
             ... wielding a +0 spear
              (4 damage)
             ... on level 2 of the Dungeon.
             The game lasted 00:01:56 (1239 turns).

TheGoonsmith the Chopper (Formicid Abyssal Knight)  Turns: 1239, Time: 00:01:56

Health: 0/35       AC:  8    Str: 17    XL:     4   Next: 15%
Magic:  5/5        EV:  7    Int: 12    God:    Lugonu [**....]
Gold:   74         SH:  0    Dex: 10    Spells: 0 memorised, 3 levels left

rFire  . . .     SeeInvis +     a - +1 hand axe
rCold  . . .     Gourm    .     f - +0 chain mail
rNeg   . . .     Faith    .     (no shield)
rPois  .         Spirit   .     (helmet unavailable)
rElec  .         Dismiss  .     (no cloak)
rCorr  .         Reflect  .     (no gloves)
SustAt .         Harm     .     (no boots)
MR     .....                    (no amulet)
Stlth  ..........               (no ring)
                                (no ring)

@: not resistant to hostile enchantments, extremely unstealthy
A: permanent stasis, dig shafts and tunnels, four strong arms, antennae 3
a: Dig, Shaft Self, Depart the Abyss, Bend Space, Renounce Religion


You were on level 2 of the Dungeon.
You worshipped Lugonu.
Lugonu was pleased with you.
You were not hungry.

You visited 1 branch of the dungeon, and saw 2 of its levels.
You visited the Abyss 1 time.

You collected 74 gold pieces.

Inventory:

Hand Weapons
 a - a +1 hand axe (weapon)
Missiles
 l - 49 stones (quivered)
 m - 27 bolts
 n - 7 poisoned needles
Armour
 b - a +0 leather armour
 f - a +0 chain mail (worn)
Scrolls
 d - 3 scrolls of identify {unknown}
 h - a scroll of immolation {unknown}
 i - 2 scrolls of remove curse {unknown}
 j - a scroll of random uselessness {unknown}
 k - a scroll of recharging {unknown}
 q - a scroll of enchant weapon {unknown}
Potions
 e - a potion of cure mutation {unknown}
 p - 2 potions of degeneration {unknown}
Comestibles
 c - 5 bread rations
 g - a slice of pizza
 o - a chunk of flesh
 r - a beef jerky


   Skills:
 - Level 3.2 Fighting
 + Level 4.1 Axes
 - Level 2.1 Armour
 - Level 0.8 Dodging
 - Level 2.1 Invocations


You had 3 spell levels left.
You didn't know any spells.

Dungeon Overview and Level Annotations

Branches:
Dungeon (2/15)

Altars:


Innate Abilities, Weirdness & Mutations

You are under a permanent stasis effect.
You can dig through walls and to a lower floor.
Your four strong arms can wield two-handed weapons with a shield.
You have a pair of large antennae on your head. (SInv)


Message History

You hit the gnoll.
The gnoll is severely wounded.
The gnoll hits you but does no damage. The gnoll barely misses you.
You closely miss the gnoll.
The gnoll is severely wounded.
The gnoll completely misses you. x2
The gnoll hits you from afar with a spear.
* * * LOW HITPOINT WARNING * * *
You hit the gnoll.
You kill the gnoll!
Lugonu accepts your kill.
Your Axes skill increases to level 4!
You have reached level 4!
You feel clever.
The gnoll hits you from afar with a spear.
* * * LOW HITPOINT WARNING * * *
The gnoll barely misses you.
You see here a halberd.
You completely miss the gnoll. The gnoll hits you with a spear.
You die...

....... ....... .....(.
#....... .......#........
......[.........
................
.......(........
......g†#.......
###.........@........ ...
#......######........... ....
#..#.. ####...........###...
#.#_#. ##....#.........##...#
#^.#..##..####.........##...#
......#.## #.............##
##....### #..........#....
#.......## #..............
#####.#..## #.............


You could see a gnoll.

Vanquished Creatures
  3 gnolls (D:2)
  A giant gecko (D:1)
  A ball python (D:2)
  A giant cockroach (D:1)
  2 goblins
  4 hobgoblins
  7 kobolds
  4 bats
  3 giant newts (D:1)
  2 rats
28 creatures vanquished.

Notes
Turn   | Place    | Note
--------------------------------------------------------------
     0 | Abyss:1  | TheGoonsmith the Formicid Abyssal Knight began the quest for the Orb.
     0 | Abyss:1  | Reached XP level 1. HP: 18/18 MP: 2/2
    11 | D:1      | Escaped the Abyss
   219 | D:1      | Reached XP level 2. HP: 23/24 MP: 3/3
   355 | D:1      | Reached skill level 3 in Axes
  1013 | D:1      | Reached ** piety under Lugonu
  1013 | D:1      | Reached XP level 3. HP: 29/29 MP: 4/4
  1206 | D:2      | Found a faded altar of an unknown god.
  1237 | D:2      | Reached skill level 4 in Axes
  1237 | D:2      | Reached XP level 4. HP: 8/35 MP: 5/5
  1239 | D:2      | Slain by a gnoll

Vault maps used:
D:1:      minmay_arrival_doors, hangedman_decor_clover_reticule
D:2:      first_bread, ecumenical_altar_1

Skill      XL: |  1  2  3 |
---------------+----------+-----
Axes           | 3 4 |  4.1
Fighting       | |  3.2
Armour         | |  2.1
Dodging        | |  0.8
Invocations    | |  2.1

Action                   |  1- 3 |  4- 6 || total
-------------------------+-------+-------++-------
Melee: Hand axe          |    83 |     1 ||    84
Throw: Stone             |     5 |       ||     5
  Eat: Chunk             |     1 |       ||     1
Armor: Chain mail        |    65 |       ||    65
       Leather armour    |     2 |       ||     2
Dodge: Dodged            |    37 |     1 ||    38
